 Dungeon Crawl Stone Soup version 0.19-a0-1021-g80cc50c (webtiles) character file.

3010 epen the Grappler (level 9, -18/74 (77) HPs)
             Began as a Ghoul Chaos Knight on July 27, 2016.
             Demolished by a komodo dragon (28 damage)
             ... on level 8 of the Dungeon.
             The game lasted 00:13:50 (6947 turns).

epen the Grappler (Ghoul Chaos Knight)              Turns: 6947, Time: 00:13:51

HP:   -18/74 (77)   AC:  9    Str: 19    XL:     9   Next: 84%
MP:   8/8           EV: 11    Int:  7    God:    Xom [......]
Gold: 362           SH:  0    Dex:  8    Spells: 0 memorised, 8 levels left

rFire  . . .     SeeInvis .       - Unarmed
rCold  + . .     Gourm    .     p - +0 scale mail
rNeg   + + +     Faith    +     r - +2 buckler
rPois  ∞         Spirit   .     (no helmet)
rElec  .         Dismiss  .     o - +1 cloak
rCorr  +         Reflect  .     (no gloves)
SustAt .         Harm     .     (no boots)
MR     .....                    z - amulet of faith (curse)
Stlth  ..........               (no ring)
                                k - ring of resist corrosion

@: confused, cleaving, rotting, not resistant to hostile enchantments, extremely
unstealthy
A: rotting body, claws 1, carnivore 3, cold resistance 1, negative energy
resistance 3, slow regeneration 1, torment resistance, unbreathing
a: Renounce Religion


You were on level 8 of the Dungeon.
You worshipped Xom.
You were a very special plaything of Xom.
You were not hungry.

You visited 1 branch of the dungeon, and saw 8 of its levels.

You collected 362 gold pieces.

Inventory:

Armour
 a - a +2 leather armour
 e - a +1 plate armour of fire resistance
 o - a +1 cloak (worn)
 p - a +0 scale mail (worn)
 r - a +2 buckler (worn)
Jewellery
 k - a ring of resist corrosion (left claw)
 l - an uncursed amulet of dismissal
 z - a cursed amulet of faith (around neck)
Wands
 g - a wand of lightning (6/15)
 h - a wand of iceblast (6/15)
 u - a wand of disintegration (11/24)
 w - a wand of slowing (8/48)
 x - a wand of flame (18/48)
 A - a wand of polymorph (10/24)
 C - a wand of random effects (37/48)
Scrolls
 i - a scroll of noise
 j - a scroll of teleportation
 n - a scroll of blinking
 y - a scroll of remove curse
 E - 2 scrolls of identify
 G - a scroll of fog
 I - a scroll of torment {unknown}
Potions
 c - a potion of invisibility
 d - 3 potions of curing
 f - a potion of degeneration
 m - a potion of heal wounds
 q - 4 potions of agility
 s - a potion of beneficial mutation
 t - a potion of cancellation {unknown}
 D - a potion of berserk rage {unknown}
 H - a potion of experience {unknown}
Books
 B - a book of Minor Magic

   Spells                             Type                      Level
   a - Magic Dart                     Conjuration                  1
   b - Blink                          Translocation                2
   c - Call Imp                       Summoning                    2
   d - Repel Missiles                 Charms/Air                   2
   e - Slow                           Hexes                        2
   f - Conjure Flame                  Conjuration/Fire             3
   g - Mephitic Cloud                 Conjuration/Poison/Air       3
Comestibles
 b - 3 meat rations
 v - a royal jelly
 F - a slice of pizza


   Skills:
 + Level 6.3 Fighting
 * Level 6.2 Armour
 + Level 4.4 Dodging
 * Level 5.2 Shields
 * Level 8.5 Unarmed Combat


You had 8 spell levels left.
You didn't know any spells.

Dungeon Overview and Level Annotations

Branches:
Dungeon (8/15)             Temple (0/1) D:6            Lair (0/6) D:8

Altars:
Gozag
Okawaru
Qazlal
Xom

Annotations:
D:8 Joseph


Innate Abilities, Weirdness & Mutations

Your body is rotting away.
You thrive on raw meat.
You are immune to poison.
You have sharp fingernails.
You are carnivorous and can eat meat at any time.
Your flesh is cold resistant. (rC+)
You are immune to negative energy. (rN+++)
You regenerate slowly when monsters are visible.
You are immune to unholy pain and torment.
You can survive without breathing.


Message History

Xom giggles.
The air around you crackles with energy!
You are now a very special plaything of Xom.
You hear an angry hiss. x2; You hear a shout!
The komodo dragon bites you!
You barely miss the komodo dragon. The komodo dragon bites you!
You scratch the komodo dragon but do no damage.
You scratch the komodo dragon but do no damage.
The komodo dragon bites you!
You claw the komodo dragon!
The komodo dragon is moderately wounded. "Heh heh heh..."
You are confused.
The komodo dragon bites you!
* * * LOW HITPOINT WARNING * * *
You bump into the rock wall.
The komodo dragon bites you!
* * * LOW HITPOINT WARNING * * *
You're too confused to move!
The komodo dragon bites you!!
You die...
Xom titters!

* *,** ### ### **,*
#.###.# ,,
#########.@l#######
*,*#
#......[.###l.†##.#
####. #.#####.##
####..#### #.#..
#####.# ###
##.†..###....
##.....#
##..........
#......#
#####.#####
#..##### ### * #..#
##### ### ### *
#..# #.#.# #.#
#.#####


You could see a komodo dragon and an iguana.

Vanquished Creatures
  Maurice (D:8)
  A spriggan (D:8)
  Duvessa (D:7)
  An ice beast (D:8)
  A necrophage (D:5)
  3 phantoms
  An ogre (D:8)
  A big kobold (D:7)
  7 giant frogs
  2 wyvern zombies
  4 scorpions
  4 killer bees
  A howler monkey (D:6)
  5 crimson imps
  2 giant frog zombies
  A centaur skeleton (D:6)
  3 hounds
  2 iguanas (D:8)
  An orc wizard (D:8)
  5 worker ants
  A hound zombie (D:7)
  12 adders
  6 gnolls
  A shadow imp (D:8)
  An ooze (D:2)
  An adder zombie (D:8)
  2 adder skeletons
  A worm (D:3)
  A dart slug (D:1)
  3 giant geckos
  A giant gecko (shapeshifter) (D:2)
  3 orcs
  7 giant cockroaches
  3 goblins
  8 hobgoblins
  7 jackals
  A quokka (D:8)
  3 ball pythons (D:5)
  14 bats
  5 giant newts
  A jackal skeleton (D:6)
  13 kobolds
  2 quokka zombies
  6 rats
150 creatures vanquished.

Vanquished Creatures (collateral kills)
  A gnoll sergeant (D:7)
  Dowan (D:7)
2 creatures vanquished.

Vanquished Creatures (others)
  A giant gecko (D:8)
  2 orcs (D:8)
3 creatures vanquished.

Grand Total: 155 creatures vanquished

Notes
Turn   | Place    | Note
-------+----------+-------------------------------------------
     0 | D:1      | epen the Ghoul Chaos Knight began the quest for the Orb.
     0 | D:1      | Reached XP level 1. HP: 19/19 MP: 0/0
    85 | D:1      | Reached skill level 1 in Dodging
   174 | D:1      | XOM: divination: detect creatures
   269 | D:1      | Reached XP level 2. HP: 23/26 MP: 1/1
   306 | D:1      | XOM: harmless Pois miscast
   379 | D:1      | XOM: divination: magic mapping
   735 | D:2      | XOM: stealth player
   751 | D:2      | XOM: cloud trail
   807 | D:2      | Found an opulent altar of Gozag.
   815 | D:2      | Reached XP level 3. HP: 30/30 MP: 2/2
   873 | D:2      | XOM: noise
   876 | D:2      | Reached skill level 4 in Unarmed Combat
   915 | D:2      | XOM: potion effect (heal wounds)
   917 | D:2      | Reached XP level 4. HP: 36/40 MP: 3/3
  1274 | D:2      | XOM: mild Hex miscast
  1594 | D:3      | XOM: stealth player
  1640 | D:3      | Reached XP level 5. HP: 43/46 MP: 4/4
  2355 | D:5      | Entered Level 5 of the Dungeon
  2380 | D:5      | XOM: scenery: 1 doors open, 1 doors close
  2452 | D:5      | Noticed a necrophage
  2456 | D:5      | XOM: swap monsters
  2472 | D:5      | Killed a necrophage
  2472 | D:5      | Reached skill level 1 in Shields
  2472 | D:5      | Reached skill level 5 in Unarmed Combat
  2472 | D:5      | Reached XP level 6. HP: 33/51 MP: 5/5
  2801 | D:5      | XOM: divination: magic mapping
  2991 | D:5      | Found a shimmering altar of Xom.
  3007 | D:5      | Reached XP level 7. HP: 44/60 MP: 6/6
  3177 | D:5      | Found a stormy altar of Qazlal.
  3178 | D:5      | Found an iron altar of Okawaru.
  3218 | D:5      | XOM: divination: magic mapping
  3334 | D:6      | XOM: scenery: create altars
  3373 | D:6      | Reached skill level 6 in Unarmed Combat
  3457 | D:6      | XOM: confuse monster(s)
  3600 | D:6      | Reached skill level 5 in Fighting
  3661 | D:6      | XOM: summons friendly shadow imp
  3664 | D:6      | Reached XP level 8. HP: 57/68 MP: 7/7
  3793 | D:6      | Found a staircase to the Ecumenical Temple.
  4059 | D:6      | XOM: cast spell 'Call Canine Familiar'
  4216 | D:6      | Reached skill level 7 in Unarmed Combat
  4606 | D:7      | Reached skill level 5 in Armour
  4910 | D:7      | XOM: scenery: create altars
  5131 | D:7      | Reached XP level 9. HP: 51/74 MP: 8/8
  5268 | D:7      | XOM: divination: detect creatures
  5339 | D:7      | Noticed Duvessa
  5339 | D:7      | Noticed Dowan
  5339 | D:7      | XOM: summons 2 friendly demons
  5346 | D:7      | Killed Duvessa
  5354 | D:7      | Killed Dowan
  5534 | D:8      | Noticed Joseph
  5540 | D:8      | XOM: destruction
  5558 | D:8      | XOM: summons friendly quasit
  5559 | D:8      | XOM: divination: detect items
  5567 | D:8      | XOM: noise
  5707 | D:8      | XOM is BORED!
  5707 | D:8      | XOM: harmless Summ miscast
  5813 | D:8      | XOM: mild Hex miscast
  5864 | D:8      | XOM: confuse monster(s)
  5877 | D:8      | Noticed Maurice
  5898 | D:8      | XOM: enchant monster (bad)
  5902 | D:8      | XOM: summons friendly quasit
  5904 | D:8      | XOM: divination: magic mapping
  6088 | D:8      | Reached skill level 8 in Unarmed Combat
  6123 | D:8      | XOM: mild Pois miscast
  6272 | D:8      | XOM: mild Pois miscast
  6274 | D:8      | XOM: confuse monster(s)
  6281 | D:8      | XOM: 1-stop teleportation journey
  6296 | D:8      | XOM: noise
  6341 | D:8      | Killed Maurice
  6341 | D:8      | Reached skill level 5 in Shields
  6357 | D:8      | XOM: harmless Conj miscast
  6359 | D:8      | XOM: polymorph adder -> bat
  6374 | D:8      | XOM is BORED!
  6374 | D:8      | XOM: medium Hex miscast
  6919 | D:8      | Noticed a komodo dragon
  6920 | D:8      | XOM: cleaving
  6935 | D:8      | XOM: cleaving
  6938 | D:8      | XOM: harmless Chrm miscast
  6942 | D:8      | XOM: confusion
  6947 | D:8      | Demolished by a komodo dragon

Vault maps used:
D:1:      matt_arrival_spirals
D:2:      nicolae_gozag_seed_capital
D:5:      gammafunk_temple_overflow_pools, first_bread, serial_bayou,
          serial_bayou_pond_e, serial_bayou_lagoon_a, serial_bayou_shore_b,
          serial_bayou_pond_b, serial_park_tiny_pond, tgw_xom
D:6:      old_forge, grunt_decor_cap
D:7:      uniq_duvessa
D:8:      erik_lair_dragon, the_bakery, uniq_joseph, uniq_maurice

Skill      XL: |  1  2  3  4  5  6  7  8  9 |
---------------+----------------------------+-----
Dodging        | 1 2 3 4 |  4.4
Armour         | 2 3 4 5 6 |  6.2
Unarmed Combat | 4 5 6 7 8 |  8.5
Fighting       | 4 5 6 |  6.3
Shields        | 1 2 4 5 |  5.2

Action                   |  1- 3 |  4- 6 |  7- 9 || total
-------------------------+-------+-------+-------++-------
Melee: Unarmed           |    99 |   237 |   430 ||   766
       Punch             |     2 |     3 |     5 ||    10
Evoke: Wand              |       |       |     3 ||     3
  Use: Scroll            |       |    10 |     5 ||    15
       Potion            |       |       |     1 ||     1
 Stab: Sleeping          |     1 |     1 |       ||     2
       Confused          |       |       |     1 ||     1
  Eat: Chunk             |     5 |     9 |    19 ||    33
Armor: Leather armour    |    37 |    74 |    13 ||   124
       Scale mail        |       |       |   139 ||   139
Dodge: Dodged            |    64 |   135 |   181 ||   380
Block: Buckler           |       |       |    60 ||    60
